 Dungeon Crawl Stone Soup version 0.20.1-1-g8b1a95d (console) character file.

996 hilaritas the Chiller (level 7, -4/54 HPs)
             Began as a Deep Elf Ice Elementalist on Aug 26, 2017.
             Killed by Freeze
             ... invoked by ThereIsNoGod's ghost
              (17 damage)
             ... on level 5 of the Dungeon.
             The game lasted 00:18:41 (6254 turns).

hilaritas the Chiller (Deep Elf Ice Elementalist)   Turns: 6254, Time: 00:18:42

Health: -4/54      AC: 30    Str:  6    XL:     7   Next: 99%
Magic:  4/28       EV:  2    Int: 21    God:
Gold:   10         SH:  0    Dex: 15    Spells: 5/19 levels left

rFire    . . .     SeeInvis .   v - staff of energy
rCold    . . .     Gourm    +   (no shield)
rNeg     + + +     Faith    .   (armour currently unavailable)
rPois    +         Spirit   .   (helmet currently unavailable)
rElec    .         Reflect  .   (cloak currently unavailable)
rCorr    .         Harm     .   (gloves currently unavailable)
MR       .....     NoTele   +   (boots currently unavailable)
Stlth    +++.......             w - amulet of the gourmand
Regen    0.2/turn               h - ring of magical power
MPRegen  0.3/turn               d - ring of stealth

@: icy armour, tree-form, slow
A: no striking features
a: no special abilities


You were on level 5 of the Dungeon.
You were completely stuffed.
You were a tree.
You visited 1 branch of the dungeon, and saw 5 of its levels.

You collected 217 gold pieces.
You spent 207 gold pieces at shops.

Inventory:

Hand Weapons
 f - a +1 flail
Missiles
 k - 206 stones (quivered)
 n - 135 arrows
Armour
 a - a +0 robe (melded)
 i - the +0 cloak "Kifip" {rPois MR- Str+6}
   (You acquired it on level 5 of the Dungeon)

   It affects your strength (+6).
   It protects you from poison.
   It affects your resistance to hostile enchantments.
 j - a +2 hat (melded)
 q - a +0 cloak (melded)
Magical Staves
 v - an uncursed staff of energy (weapon)
Jewellery
 d - a ring of stealth (right branch)
 h - a ring of magical power (left branch)
 w - an amulet of the gourmand (around neck)
Wands
 y - a wand of digging (13/24)
 C - a wand of flame (12/48)
Scrolls
 e - 3 scrolls of teleportation
 g - 5 scrolls of identify
 o - a scroll of remove curse
 r - a scroll of enchant weapon
 E - a scroll of blinking
Potions
 m - a potion of resistance
 p - 2 potions of brilliance
 s - a potion of curing
 t - a potion of might {unknown}
 u - 2 potions of agility {unknown}
 z - 2 potions of berserk rage {unknown}
 F - a potion of mutation {unknown}
Books
 b - a book of Frost

   Spells                             Type                      Level
   a - Freeze                         Ice                          1
   b - Throw Frost                    Conjuration/Ice              2
   c - Ozocubu's Armour               Charms/Ice                   3
   d - Throw Icicle                   Conjuration/Ice              4
   e - Summon Ice Beast               Ice/Summoning                4
Comestibles
 c - 5 bread rations
 l - 3 meat rations
 x - 3 fruits
 A - a royal jelly
 D - 5 chunks of flesh


   Skills:
 - Level 2.4 Dodging
 - Level 2.4 Stealth
 - Level 6.8 Spellcasting
 * Level 4.2 Conjurations
 - Level 1.5 Charms
 - Level 2.4 Summonings
 + Level 7.6 Ice Magic


You had 5 spell levels left.
You knew the following spells:

 Your Spells              Type           Power        Failure   Level  Hunger
a - Freeze                Ice            ####         1%          1    None
b - Throw Frost           Conj/Ice       ####..       1%          2    None
c - Ozocubu's Armour      Chrm/Ice       ####....     4%          3    None
d - Throw Icicle          Conj/Ice       ####....     8%          4    None
e - Summon Ice Beast      Ice/Summ       ####....     11%         4    None


Dungeon Overview and Level Annotations

Branches:
Dungeon (5/15)
 Temple: D:4-7

Altars:
Makhleb
Ru

Shops:
D:5 *(

Annotations:
D:5 ThereIsNoGod's ghost, novice DrIE


Message History

Helpless, you fail to dodge the puff of frost.
Casting: Freeze
Confirm with . or Enter, or press ? or * to list all spells.
Aiming: Freeze
Press: ? - help, Shift-Dir - straight line, f/p - ThereIsNoGod's ghost
Aim: ThereIsNoGod's ghost (severely damaged)
You freeze ThereIsNoGod's ghost.
ThereIsNoGod's ghost is almost destroyed.
ThereIsNoGod's ghost hits you but does no damage.
A scorpion comes into view.
Casting: Freeze
Confirm with . or Enter, or press ? or * to list all spells.
Aiming: Freeze
Press: ? - help, Shift-Dir - straight line, f/p - ThereIsNoGod's ghost
Aim: ThereIsNoGod's ghost (almost destroyed)
You freeze ThereIsNoGod's ghost.
ThereIsNoGod's ghost is almost destroyed.
ThereIsNoGod's ghost gestures at you while chanting.
You are frozen.
You die...

## ..# #.# ### #..# #..
#.#.# #.# #.# .#.#
#.###.####.##
########....♣W..>...
#.###.(((....)##.####s.#
#............##.#
#.###.#####......# .#
#.# #...#### .# #.#
#...# .####.#####.....
...........>....#
.####.#####.#.#.#


You could see a scorpion and ThereIsNoGod's ghost.

Vanquished Creatures
  Eustachio (D:4)
  A black bear (D:3)
  The ghost of p0werm0de the Skirmisher, an amateur DsBe of Trog (D:4)
  2 centaurs (D:5)
  An ogre (D:4)
  A crimson imp (D:5)
  A bullfrog zombie (D:5)
  Crazy Yiuf (D:3)
  A hound (D:4)
  An iguana (D:5)
  3 worker ants (D:5)
  Robin (D:3)
  4 gnolls
  5 adders
  An ooze (D:1)
  An adder skeleton (D:5)
  4 worms
  A dart slug (D:1)
  A leopard gecko (D:1)
  10 orcs
  A ball python (D:1)
  6 giant cockroaches
  8 goblins
  13 hobgoblins
  5 jackals
  3 quokkas (D:3)
  8 bats
  8 frilled lizards
  12 kobolds
  A leopard gecko skeleton (D:4)
  A quokka zombie (D:3)
  3 rats
111 creatures vanquished.

Notes
Turn   | Place    | Note
-------+----------+-------------------------------------------
     0 | D:1      | hilaritas the Deep Elf Ice Elementalist began the quest for the Orb.
     0 | D:1      | Reached XP level 1. HP: 10/10 MP: 6/6
   247 | D:1      | Reached skill level 4 in Ice Magic
   247 | D:1      | Reached XP level 2. HP: 15/15 MP: 4/8
   299 | D:1      | Learned a level 2 spell: Throw Frost
   672 | D:1      | Reached XP level 3. HP: 19/19 MP: 6/9
   708 | D:1      | Learned a level 3 spell: Ozocubu's Armour
  1398 | D:2      | Reached skill level 5 in Ice Magic
  1710 | D:2      | Found a burning altar of Makhleb.
  1725 | D:2      | Reached XP level 4. HP: 24/24 MP: 3/10
  2491 | D:2      | Learned a level 4 spell: Throw Icicle
  3162 | D:3      | Found a runed door.
  3390 | D:3      | Reached skill level 5 in Spellcasting
  3390 | D:3      | Reached XP level 5. HP: 18/28 MP: 4/14
  3471 | D:3      | Noticed Robin
  3474 | D:3      | Killed Robin
  3648 | D:3      | Found a sacrificial altar of Ru.
  3797 | D:3      | Noticed a black bear
  4057 | D:3      | Killed a black bear
  4057 | D:3      | Reached XP level 6. HP: 8/32 MP: 8/17
  4063 | D:3      | Learned a level 4 spell: Summon Ice Beast
  4322 | D:3      | Noticed Crazy Yiuf
  4328 | D:3      | Killed Crazy Yiuf
  4328 | D:3      | Reached skill level 1 in Charms
  4464 | D:4      | Noticed p0werm0de's ghost (amateur DsBe)
  4473 | D:4      | Killed p0werm0de's ghost
  4974 | D:4      | Noticed Eustachio
  4983 | D:4      | Killed Eustachio
  4983 | D:4      | Reached skill level 6 in Ice Magic
  4983 | D:4      | Reached XP level 7. HP: 34/36 MP: 15/19
  5324 | D:5      | Entered Level 5 of the Dungeon
  5334 | D:5      | Found Dyvvuaho's Weapon Shop.
  5784 | D:5      | Reached skill level 7 in Ice Magic
  6062 | D:5      | Found Ryenorobu's Assorted Antiques.
  6074 | D:5      | Bought a scroll labeled DUTIAF LOPT for 27 gold pieces
  6074 | D:5      | Bought a scroll labeled DAOSUIXZASA for 27 gold pieces
  6074 | D:5      | Bought a scroll labeled WUS AWKITTUQIR for 27 gold pieces
  6074 | D:5      | Bought 2 scrolls labeled JOYPIURADGH for 54 gold pieces
  6074 | D:5      | Bought an amethyst potion for 24 gold pieces
  6074 | D:5      | Bought a smoky puce potion for 24 gold pieces
  6074 | D:5      | Bought a glowing pink potion for 24 gold pieces
  6076 | D:5      | Got a crude cloak
  6087 | D:5      | Identified the +0 cloak "Kifip" {rPois MR- Str+6} (You acquired it on level 5 of the Dungeon)
  6238 | D:5      | Noticed ThereIsNoGod's ghost (novice DrIE)
  6251 | D:5      | HP: 1/54 [ThereIsNoGod's ghost/puff of frost (9)]
  6254 | D:5      | Killed from afar by ThereIsNoGod's ghost

Skill      XL: |  1  2  3  4  5  6  7 |
---------------+----------------------+-----
Ice Magic      | 4 5 6 7 |  7.6
Conjurations   | 2 3 4 |  4.2
Spellcasting   | 5 6 |  6.8
Charms         | 1 |  1.5
Summonings     | 2 |  2.4
Dodging        | |  2.4
Stealth        | |  2.4

Action                   |  1- 3 |  4- 6 |  7- 9 || total
-------------------------+-------+-------+-------++-------
Melee: Unarmed           |     1 |       |       ||     1
       Flail             |     2 |    11 |       ||    13
       Staff             |       |     1 |     7 ||     8
 Cast: Freeze            |    61 |    94 |    45 ||   200
       Throw Frost       |       |    18 |    29 ||    47
       Ozocubu's Armour  |       |     7 |     3 ||    10
       Throw Icicle      |       |       |     6 ||     6
  Use: Potion            |       |     2 |     4 ||     6
       Scroll            |       |     8 |     6 ||    14
  Eat: Chunk             |     2 |    12 |    11 ||    25
Armor: Robe              |    10 |    19 |    13 ||    42
       Skin              |       |     9 |     2 ||    11
Dodge: Dodged            |    36 |    52 |    30 ||   118
